 Dungeon Crawl Stone Soup version 0.21.0-3-g78d12a8 (webtiles) character file.

716 Inarius the Chiller (level 7, -10/55 HPs)
             Began as a Pale Draconian Ice Elementalist on Jan 15, 2018.
             Was an Initiate of Nemelex Xobeh.
             Mangled by an ogre
             ... wielding a cursed -3 giant spiked club
              (26 damage)
             ... on level 5 of the Dungeon.
             The game lasted 00:14:33 (3825 turns).

Inarius the Chiller (DrIE)                          Turns: 3825, Time: 00:14:33

Health: -10/55     AC: 21    Str: 11    XL:     7   Next: 41%
Magic:  6/13       EV: 13    Int: 17    God:    Nemelex Xobeh [......]
Gold:   228        SH:  0    Dex: 11    Spells: 2/14 levels left

rFire    . . .     SeeInvis .   h - +1 falchion (slice)
rCold    . . .     Gourm    .   (no shield)
rNeg     . . .     Faith    +   (armour unavailable)
rPois    .         Spirit   .   (helmet restricted)
rElec    .         Reflect  .   k - +0 cloak
rCorr    .         Harm     .   (no gloves)
MR       .....                  n - +1 pair of boots {Fly}
Stlth    ++........             w - amulet of faith
HPRegen  0.18/turn              v - +3 ring of protection
MPRegen  0.13/turn              q - +3 ring of protection

@: icy armour, slow
A: breathe steam, unfitting armour, cold-blooded, AC +6
a: Breathe Steam, Renounce Religion, Evoke Flight


You were on level 5 of the Dungeon.
You worshipped Nemelex Xobeh.
Nemelex Xobeh was noncommittal.
You were hungry.

You visited 2 branches of the dungeon, and saw 6 of its levels.

You collected 228 gold pieces.

Inventory:

Hand Weapons
 h - a +1 falchion of slicing (weapon)
 t - a +0 lajatang of protection
Armour
 k - a +0 cloak (worn)
 n - a +1 pair of boots of flying (worn)
Jewellery
 f - an uncursed amulet of regeneration
 q - a +3 ring of protection (right hand)
 v - a +3 ring of protection (left hand)
 w - an amulet of faith (around neck)
Wands
 m - a wand of polymorph (14)
Scrolls
 c - a scroll of enchant armour {unknown}
 d - 3 scrolls of teleportation
 i - a scroll of identify
 r - a scroll of amnesia
 s - 2 scrolls of magic mapping {unknown}
 u - 2 scrolls of remove curse
Potions
 a - a potion of heal wounds {unknown}
 g - 5 potions of curing
 j - a potion of berserk rage
 l - 2 potions of magic
 o - a potion of mutation
 p - 2 potions of cancellation
Miscellaneous
 e - a plain deck of summoning
Comestibles
 b - 15 rations


   Skills:
 + Level 2.1 Fighting
 + Level 2.9 Dodging
 - Level 1.7 Stealth
 - Level 4.0 Spellcasting
 + Level 2.3 Conjurations
 + Level 1.3 Charms
 * Level 0.2 Summonings
 * Level 6.1 Ice Magic
 * Level 1.3 Invocations


You had 2 spell levels left.
You knew the following spells:

 Your Spells              Type           Power        Failure   Level  Hunger
a - Freeze                Ice            ###.         1%          1    None
b - Ozocubu's Armour      Chrm/Ice       ###.....     10%         3    ###....
c - Throw Icicle          Conj/Ice       ###.....     28%         4    ####...
d - Summon Ice Beast      Ice/Summ       ##......     38%         4    ####...


Dungeon Overview and Level Annotations

Branches:
Dungeon (5/15)             Temple (1/1) D:5

Altars:
Cheibriados
Elyvilon
Hepliaklqana
Makhleb
Nemelex Xobeh
Trog
Xom
Yredelemnul
The Shining One

Shops:
D:5 %


Innate Abilities, Weirdness & Mutations

You can breathe blasts of scalding, opaque steam.
Your pale cyan-grey scales are hard. (AC +6)
You cannot fit into any form of body armour.
You are cold-blooded and may be slowed by cold attacks.


Message History

The ogre is heavily wounded.
Casting: Freeze
Confirm with . or Enter, or press ? or * to list all spells.
Aiming: Freeze
Press: ? - help, Shift-Dir - straight line, f/p - ogre
Aim: an ogre, wielding a giant spiked club (heavily wounded)
You freeze the ogre.
The ogre is severely wounded.
The ogre hits you with a giant spiked club!
* * * LOW HITPOINT WARNING * * *
Casting: Freeze
Confirm with . or Enter, or press ? or * to list all spells.
Aiming: Freeze
Press: ? - help, Shift-Dir - straight line, f/p - ogre
Aim: an ogre, wielding a giant spiked club (severely wounded)
You freeze the ogre.
The ogre is almost dead.
The ogre hits you with a giant spiked club!!
You die...
Your body disappears without a glow.

# # # ########### #
#### #.......... ##.
..# #.########.
#<..#####.####.# #.
#......$..##.# ###.
#.O@....##.# #...
#.......##.######.#.
#.................#.
#.......###########.
#.......# #.
#.......# #.
######### #. .


You could see an ogre.

Vanquished Creatures
  2 scorpions (D:4)
  A howler monkey (D:5)
  A jelly (D:5)
  A centaur skeleton (D:4)
  A hound (D:5)
  An iron imp (D:5)
  An orc priest (D:4)
  2 bullfrog skeletons (D:5)
  An iguana (D:4)
  3 orc wizards
  3 worker ants
  A worker ant zombie (D:2)
  8 adders
  A shadow imp (D:5)
  4 oozes
  3 worms (D:3)
  2 dart slugs (D:1)
  2 leopard geckos
  12 orcs
  A ball python (D:2)
  3 giant cockroaches
  6 goblins
  8 hobgoblins
  5 kobolds
  2 quokkas
  4 bats
  2 frilled lizards
  A hobgoblin zombie (D:5)
  2 jackal skeletons
  3 orc zombies (D:5)
  7 rats
94 creatures vanquished.

Notes
Turn   | Place    | Note
-------+----------+-------------------------------------------
     0 | D:1      | Inarius the Draconian Ice Elementalist began the quest for the Orb.
     0 | D:1      | Reached XP level 1. HP: 14/14 MP: 3/3
   145 | D:1      | Reached XP level 2. HP: 20/20 MP: 0/5
   572 | D:1      | Reached XP level 3. HP: 25/26 MP: 2/6
   588 | D:1      | Learned a level 3 spell: Ozocubu's Armour
   928 | D:2      | Reached skill level 4 in Ice Magic
   964 | D:2      | Reached skill level 1 in Charms
  1070 | D:2      | Found a burning altar of Makhleb.
  1183 | D:2      | Reached XP level 4. HP: 32/33 MP: 0/7
  1746 | D:3      | Found a bloodstained altar of Trog.
  1848 | D:3      | Found a basalt altar of Yredelemnul.
  1977 | D:3      | Reached XP level 5. HP: 39/39 MP: 5/9
  2362 | D:4      | Reached skill level 5 in Ice Magic
  2404 | D:4      | Learned a level 4 spell: Throw Icicle
  2521 | D:3      | Reached skill level 1 in Fighting
  2521 | D:3      | Reached XP level 6. HP: 27/47 MP: 7/11
  3250 | D:5      | Entered Level 5 of the Dungeon
  3304 | D:5      | Your scales start taking on a pale cyan-grey colour.
  3304 | D:5      | Reached XP level 7. HP: 50/53 MP: 12/12
  3323 | D:5      | Found a staircase to the Ecumenical Temple.
  3328 | Temple   | Entered the Ecumenical Temple
  3352 | Temple   | Became a worshipper of Nemelex Xobeh the Trickster
  3382 | D:5      | Received a gift from Nemelex Xobeh
  3416 | D:5      | Found Owaycweng's Food Shop.
  3510 | D:5      | Found a hazy altar of Hepliaklqana.
  3511 | D:5      | Found a shimmering altar of Xom.
  3511 | D:5      | Noticed a wyvern
  3512 | D:5      | Noticed a wyvern
  3512 | D:5      | Noticed a spectral ugly thing
  3629 | D:5      | Reached skill level 1 in Invocations
  3635 | D:5      | Learned a level 4 spell: Summon Ice Beast
  3665 | D:5      | Reached skill level 6 in Ice Magic
  3763 | D:5      | Found a snail-covered altar of Cheibriados.
  3825 | D:5      | Mangled by an ogre

Skill      XL: |  1  2  3  4  5  6  7 |
---------------+----------------------+-----
Dodging        | 2 |  2.9
Ice Magic      | 4 5 6 |  6.1
Charms         | 1 |  1.3
Spellcasting   | 3 4 |  4.0
Fighting       | 1 2 |  2.1
Conjurations   | 2 |  2.3
Invocations    | 1 |  1.3
Stealth        | |  1.7
Summonings     | |  0.2

Action                   |  1- 3 |  4- 6 |  7- 9 || total
-------------------------+-------+-------+-------++-------
Melee: Unarmed           |     6 |       |       ||     6
       Tailslap          |     2 |    10 |     6 ||    18
       Short sword       |    31 |    17 |       ||    48
       Lajatang          |       |    14 |       ||    14
       Falchion          |       |   116 |    40 ||   156
 Cast: Freeze            |    43 |    54 |     9 ||   106
       Ozocubu's Armour  |       |    10 |     3 ||    13
       Throw Icicle      |       |       |     4 ||     4
 Abil: Stop Flying       |       |     1 |       ||     1
  Use: Scroll            |     4 |    10 |       ||    14
 Stab: Sleeping          |     2 |     1 |       ||     3
  Eat: Chunk             |     1 |     9 |     2 ||    12
Armor: Skin              |    24 |   101 |    14 ||   139
Dodge: Dodged            |    36 |    96 |    37 ||   169
       Rpst.: Falchion   |       |    20 |    19 ||    39
